 Dungeon Crawl Stone Soup version 0.28.0-47-ge53b351184 (webtiles) character file.

Game seed: 10209793395374724855

312 Iusername the Covered (level 6, 0/48 HPs)
             Began as a Human Fighter on Apr 28, 2022.
             Slain by a black bear (5 damage)
             ... on level 3 of the Dungeon.
             The game lasted 00:05:27 (3417 turns).

Iusername the Covered (Human Fighter)               Turns: 3417, Time: 00:05:28

Health: 0/48       AC: 25    Str: 19    XL:     6   Next: 70%
Magic:  6/6        EV:  2    Int: 11    God:
Gold:   81         SH:  4    Dex: 12    Spells: 5/5 levels left

rFire   . . .      SeeInvis .   a - +0 long sword
rCold   . . .      Faith    .   c - +0 buckler
rNeg    . . .      Spirit   .   m - +8 orange crystal plate armour {Archmagi, Int+3 Clar}
rPois   .          Reflect  .   (no helmet)
rElec   .          Harm     .   n - +0 cloak
rCorr   .          Rampage  .   (no gloves)
Will    .....      Archmagi +   (no boots)
Stlth   .......... Clarity  +   (no amulet)
HPRegen 0.16/turn               (no ring)
MPRegen 0.10/turn               (no ring)

@: no status effects
A: no striking features
a: no special abilities


You were on level 3 of the Dungeon.
You visited 1 branch of the dungeon, and saw 3 of its levels.

You collected 81 gold pieces.

Inventory:

Hand Weapons
 a - a +0 long sword (weapon)
Missiles
 k - a boomerang
Armour
 b - a +0 scale mail
 c - a +0 buckler (worn)
 m - the +8 orange crystal plate armour (worn) {Archmagi, Int+3 Clar}
   (You found it on level 2 of the Dungeon)

   Int:       It affects your intelligence (+3).
   Clar:      It protects you against confusion.
 n - a +0 cloak (worn)
Wands
 d - a wand of iceblast (9) (quivered)
Scrolls
 h - a scroll of noise {unknown}
 i - a scroll of teleportation {unknown}
 p - a scroll of immolation {unknown}
Potions
 e - 2 potions of curing {unknown}
 f - a potion of flight {unknown}
 g - a potion of degeneration {unknown}
 j - a potion of lignification {unknown}
 l - a potion of haste {unknown}
 o - 2 potions of might
 q - a potion of invisibility {unknown}


   Skills:
 + Level 3.8 Fighting
 + Level 3.7 Long Blades
 + Level 2.5 Throwing
 + Level 4.1 Armour
 + Level 0.6 Dodging
 + Level 0.3 Stealth
 + Level 3.7 Shields


You had 5 spell levels left.
You didn't know any spells.
Your spell library contained the following spells:

 Spells                   Type           Power      Damage    Failure   Level
 Tukima's Dance           Hex            0%         N/A       100%        3
 Passage of Golubria      Tloc           0%         N/A       100%        4
 Yara's Violent Unravell  Hex/Tmut       0%         3d3       100%        5


Dungeon Overview and Level Annotations

Branches:
Dungeon (3/15)

Altars:


Message History

The black bear is severely wounded.
You block the black bear's attack.
The black bear claws you but does no damage. x2
You slash the black bear!
The black bear is almost dead.
The black bear goes berserk!
You hit the black bear.
The black bear is almost dead.
The black bear barely misses you. The black bear claws you.
You block the black bear's attack. x2
The black bear claws you but does no damage. x2
You closely miss the black bear.
The black bear is almost dead.
The black bear bites you but does no damage.
The black bear claws you.
The black bear claws you but does no damage.
The black bear bites you but does no damage.
The black bear claws you but does no damage.
You block the black bear's attack.
You barely miss the black bear.
The black bear is almost dead.
The black bear bites you!
The black bear claws you but does no damage. x2
Unknown command.
You are too injured to fight recklessly!
Unknown command.
You are too injured to fight recklessly!
Unknown command.
You are too injured to fight recklessly!
Unknown command.
You hit the black bear.
The black bear is almost dead.
The black bear bites you!
* * * LOW HITPOINT WARNING * * *
The black bear claws you.
* * * LOW HITPOINT WARNING * * *
The black bear claws you but does no damage.
The black bear bites you but does no damage.
The black bear claws you.
You die...

#.#### #.# #....#
#.# #....###.#
#......#.#
######.#.# #.#.#
#############.#.#
#...............#
#@###########.#.##
#h# #..... #.#
#########. #..
.......##. #.#
#....). #.#
#...)). ...
.........# #.#
####.....# #.....#


You could see a black bear (berserk).

Vanquished Creatures
  Pargi (D:3)
  An ogre (D:3)
  An orc wizard (D:3)
  Robin (D:3)
  3 adders
  2 worms (D:2)
  A dart slug (D:1)
  3 orcs (D:3)
  3 endoplasms (D:2)
  A giant cockroach (D:1)
  13 goblins
  5 hobgoblins
  2 quokkas
  3 ball pythons
  7 bats
  3 frilled lizards (D:2)
  4 kobolds
  A rat (D:1)
55 creatures vanquished.

Notes
Turn   | Place    | Note
-------+----------+-------------------------------------------
     0 | D:1      | Iusername the Human Fighter began the quest for the Orb.
     0 | D:1      | Reached XP level 1. HP: 18/18 MP: 1/1
   163 | D:1      | Reached XP level 2. HP: 21/24 MP: 2/2
   427 | D:1      | Found a faded altar of an unknown god.
   942 | D:2      | Reached XP level 3. HP: 20/29 MP: 3/3
  1987 | D:2      | Found the +8 orange crystal plate armour {Archmagi, Int+3
                  | Clar}
  2048 | D:2      | Reached XP level 4. HP: 35/35 MP: 4/4
  2225 | D:3      | Noticed Pargi
  2246 | D:3      | Killed Pargi
  2247 | D:3      | Reached skill level 1 in Throwing
  2247 | D:3      | Reached XP level 5. HP: 25/41 MP: 5/5
  2621 | D:3      | Noticed an ogre
  2631 | D:3      | Killed an ogre
  2632 | D:3      | Reached skill level 4 in Armour
  2632 | D:3      | Reached XP level 6. HP: 24/48 MP: 6/6
  3317 | D:3      | Noticed Robin
  3350 | D:3      | Killed Robin
  3402 | D:3      | Noticed a black bear
  3417 | D:3      | Slain by a black bear

Illustrated notes

Levels and vault maps discovered:
D:1:      minmay_arrival_five_plusses, layout_basic,
          hellmonk_ecumenical_altar_arch_garden, serial_rivers,
          chequers_serial_rivers_micro_e, chequers_serial_rivers_small_b,
          chequers_serial_rivers_small_a, chequers_serial_rivers_marsh
D:2:      layout_basic
D:3:      layout_basic, pdpol_wu_jian_five_deadly_venoms, uniq_robin, uniq_pargi

Skill      XL: |  1  2  3  4  5 |
---------------+----------------+-----
Long Blades    | 3 |  3.7
Throwing       | 1 2 |  2.5
Armour         | 4 |  4.1
Fighting       | |  3.8
Dodging        | |  0.6
Stealth        | |  0.3
Shields        | |  3.7

Action                   |  1- 3 |  4- 6 || total
-------------------------+-------+-------++-------
Melee: Long sword        |    87 |   116 ||   203
Throw: Boomerang         |    25 |    10 ||    35
Evoke: Wand              |       |     2 ||     2
  Use: Potion            |       |     1 ||     1
Armor: Scale mail        |    40 |       ||    40
       Crystal plate arm |     5 |   179 ||   184
Dodge: Dodged            |    44 |    12 ||    56
Block: Buckler           |    21 |    39 ||    60
